 Dungeon Sprint DCSS version 0.28.0-43-g3370ac3207 (webtiles) character file.

Game seed: 12763150154386627696

150 bromine the Cudgeller (level 5, -5/57 HPs)
             Began as a Troll Monk on Mar 23, 2022.
             Was a Believer of Makhleb.
             Slain by an acid dragon (11 damage)
             ... in the Dungeon (Sprint IX: "|||||||||||||||||||||||||||||").
             The game lasted 00:03:20 (156 turns).

bromine the Cudgeller (Troll Monk)                   Turns: 156, Time: 00:03:20

Health: -5/57      AC:  0    Str: 24    XL:     5   Next: 10%
Magic:  4/4        EV: 11    Int:  9    God:    Makhleb [**....]
Gold:   0          SH:  0    Dex: 12    Spells: 4/4 levels left

rFire   . . .      SeeInvis .   q - +2 scimitar (flame)
rCold   . . .      Faith    .   (no shield)
rNeg    . . .      Spirit   .   b - +0 robe
rPois   .          Reflect  .   (helmet restricted)
rElec   .          Harm     .   (no cloak)
rCorr   .          Rampage  .   (gloves unavailable)
Will    .....      NoTele   +   (boots unavailable)
Stlth   ++........              (no amulet)
HPRegen 0.99/turn               r - +3 ring of strength
MPRegen 0.09/turn               s - +3 ring of intelligence

@: corroded
A: large, unfitting armour, claws 3, regeneration 1, shaggy fur 1, tough skin 1
a: Renounce Religion, Minor Destruction


You were in the Dungeon.
You worshipped Makhleb.
Makhleb was pleased with you.
You visited 1 branch

Inventory:

Hand Weapons
 a - a +0 mace
 l - a +1 vorpal broad axe
 m - a +2 halberd of protection
 n - a +2 morningstar of holy wrath
 o - a +4 quarterstaff of speed
 p - a +2 rapier of venom
 q - a +2 scimitar of flaming (weapon)
Armour
 b - a +0 robe (worn)
Jewellery
 r - a +3 ring of strength (left claw)
 s - a +3 ring of intelligence (right claw)
Wands
 k - a wand of iceblast (10)
Scrolls
 h - 2 scrolls of blinking
 j - 2 scrolls of amnesia
Potions
 c - 5 potions of curing
 d - 3 potions of heal wounds
 e - a potion of haste
 f - 4 potions of magic
 g - a potion of berserk rage
 i - a potion of invisibility


   Skills:
 + Level 5.5 Fighting
 + Level 6.1 Maces & Flails
 + Level 5.1 Dodging
 + Level 1.5 Stealth


You had 4 spell levels left.
You didn't know any spells.
Your spell library was empty.

Dungeon Overview and Level Annotations

Branches:
Dungeon (1/1)

Altars:
Cheibriados
Dithmenos
Elyvilon
Fedhas
Gozag
Hepliaklqana
Kikubaaqudgha
Makhleb
Nemelex Xobeh
Okawaru
Qazlal
Ru
Sif Muna
Trog
Uskayaw
Vehumet
Wu Jian
Xom
Yredelemnul
Zin
The Shining One
Beogh
Jiyva
Lugonu


Innate Abilities, Weirdness & Mutations

You are too large for most types of armour.
You have claws for hands.
Your natural rate of healing is unusually fast.
You are covered in fur. (AC +1)
You have tough skin. (AC +1)


Message History

Your +2 scimitar of flaming bursts into flame!
q - a +2 scimitar of flaming (weapon)
You feel stronger.
r - a +3 ring of strength (left claw)
You feel clever.
s - a +3 ring of intelligence (right claw)
You see here a +0 pair of gloves.
You see here a +0 helmet.
You see here a +1 chain mail.
You open the door.
An acid dragon, a killer bee, a gargoyle, a kobold brigand, an orc wizard and a yak come into view.
The kobold brigand is wielding a +0 dagger and quivering poisoned darts.
The orc wizard shouts!
The yak bellows!
The kobold brigand shouts!
The killer bee buzzes angrily.
The acid dragon roars!
The acid dragon bites you.
The acid dragon claws you but does no damage.
There is an open door to the Dungeon here.
You hit the acid dragon. You burn the acid dragon.
The acid dragon is moderately wounded.
The acid dragon bites you. The acid dragon barely misses you.
You slash the acid dragon! You burn the acid dragon.
The acid dragon is severely wounded.
The orc wizard casts a spell.
The orc wizard flickers and vanishes!
Deactivating autopickup; reactivate with Ctrl-A.
The acid dragon spits acid at you. The splash of acid hits you!!
The acid corrodes you! The acid dragon bites you!
* * * LOW HITPOINT WARNING * * *
The acid dragon claws you.
* * * LOW HITPOINT WARNING * * *
Aiming: Minor Destruction (24% risk of failure)
Press: ? - help, Shift-Dir - straight line The zap hits the acid dragon.
The acid dragon is severely wounded.
The zap hits the killer bee.
The killer bee is moderately wounded.
The zap hits the gargoyle but does no damage.
The zap misses the kobold brigand.
The acid dragon bites you!
You die...

▓.▓
▓.▓
▓.▓
▓[▓
▓[▓
▓[▓
▓.▓
▓.▓
▓@▓
▓D▓
▓y▓
▓9▓
▓K▓
▓{▓
▓Y▓
▓+▓


You could see a yak, an acid dragon (catching breath), a gargoyle, a kobold
brigand and a killer bee.

Vanquished Creatures
  An ogre (D)
  A scorpion (D)
  2 orcs (D)
  A bat zombie (D)
  An endoplasm (D)
  2 hobgoblins (D)
  A quokka (D)
  A frilled lizard (D)
10 creatures vanquished.

Notes
Turn   | Place    | Note
-------+----------+-------------------------------------------
     0 | D        | bromine the Troll Monk began the quest for the Orb.
     0 | D        | Reached XP level 1. HP: 22/22 MP: 0/0
     8 | D        | Reached skill level 3 in Maces & Flails
    17 | D        | Noticed an ogre
    17 | D        | Noticed a scorpion
    25 | D        | Killed an ogre
    26 | D        | Reached skill level 5 in Maces & Flails
    26 | D        | Reached XP level 2. HP: 33/33 MP: 1/1
    26 | D        | Reached XP level 3. HP: 40/40 MP: 2/2
    26 | D        | Reached XP level 4. HP: 49/49 MP: 3/3
    38 | D        | Killed a scorpion
    39 | D        | Reached skill level 5 in Fighting
    39 | D        | Reached skill level 6 in Maces & Flails
    39 | D        | Reached skill level 5 in Dodging
    39 | D        | Reached XP level 5. HP: 43/57 MP: 4/4
    61 | D        | Found a snail-covered altar of Cheibriados.
    61 | D        | Found a shadowy altar of Dithmenos.
    61 | D        | Found a white marble altar of Elyvilon.
    61 | D        | Found a blossoming altar of Fedhas.
    61 | D        | Found an opulent altar of Gozag.
    62 | D        | Found a hazy altar of Hepliaklqana.
    63 | D        | Found a viscous altar of Jiyva.
    64 | D        | Found an ancient bone altar of Kikubaaqudgha.
    65 | D        | Found a corrupted altar of Lugonu.
    66 | D        | Found a burning altar of Makhleb.
    67 | D        | Found a sparkling altar of Nemelex Xobeh.
    68 | D        | Found an iron altar of Okawaru.
    69 | D        | Found a stormy altar of Qazlal.
    72 | D        | Found a sacrificial altar of Ru.
    91 | D        | Found a shimmering blue altar of Sif Muna.
    92 | D        | Found a bloodstained altar of Trog.
    93 | D        | Found a hide-covered altar of Uskayaw.
    94 | D        | Found a radiant altar of Vehumet.
    96 | D        | Became a worshipper of Makhleb the Destroyer
    96 | D        | Reached * piety under Makhleb
    96 | D        | Reached ** piety under Makhleb
    98 | D        | Found an ornate altar of the Wu Jian Council.
    99 | D        | Found a shimmering altar of Xom.
   100 | D        | Found a basalt altar of Yredelemnul.
   101 | D        | Found a glowing silver altar of Zin.
   102 | D        | Found a glowing golden altar of the Shining One.
   152 | D        | Noticed an acid dragon
   152 | D        | Noticed a gargoyle
   152 | D        | Noticed a yak
   156 | D        | Slain by an acid dragon

Illustrated notes

Levels and vault maps discovered:
D:        linesprint [early_d, line_temple, items_1, d_10, items_2, lair_1,
          lair_end, items_3, orc_1, orc_end, items_4, d_15, swamp_1, shoals_1,
          snake_1, spider_1, d_20, vaults_1, items_5, swamp_end, shoals_end,
          snake_end, spider_end, vaults_end, d_27, items_6, zot_1, zot_end,
          crypt_end, forest_end, elf_end, slime_end, tomb_end, abyss_end,
          pan_hell_end]

Skill      XL: |  1  2  3  4 |
---------------+-------------+-----
Maces & Flails | 5 6 |  6.1
Fighting       | 4 5 |  5.5
Dodging        | 4 5 |  5.1
Stealth        | |  1.5

Action                   |  1- 3 |  4- 6 || total
-------------------------+-------+-------++-------
Melee: Mace              |    15 |    17 ||    32
       Scimitar          |       |     2 ||     2
Invok: Minor Destruction |       |     1 ||     1
Armor: Robe              |     1 |     6 ||     7
Dodge: Dodged            |     8 |    15 ||    23
